 Dungeon Crawl Stone Soup version 0.20.1-1-g8b1a95d (webtiles) character file.

989 Monsterracer the Sneak (level 8, -2/48 HPs)
             Began as a Kobold Assassin on Aug 22, 2017.
             Slain by an ogre
             ... wielding a +0 giant club
              (10 damage)
             ... on level 4 of the Dungeon.
             The game lasted 00:15:11 (5497 turns).

Monsterracer the Sneak (Kobold Assassin)            Turns: 5497, Time: 00:15:11

Health: -2/48      AC:  6    Str:  9    XL:     8   Next: 41%
Magic:  8/8        EV: 15    Int: 16    God:
Gold:   295        SH:  0    Dex: 18    Spells: 3/7 levels left

rFire    + . .     SeeInvis .   a - +2 dagger
rCold    . . .     Gourm    .   (shield restricted)
rNeg     . . .     Faith    .   m - +0 ring mail
rPois    .         Spirit   .   (no helmet)
rElec    .         Reflect  .   d - +0 cloak
rCorr    .         Harm     .   (no gloves)
MR       .....                  (no boots)
Stlth    +++.......             (no amulet)
Regen    0.2/turn               D - ring of protection from fire
MPRegen  0.2/turn               E - +4 ring of intelligence

@: no status effects
A: carnivore 3
a: no special abilities


You were on level 4 of the Dungeon.
You were very full.

You visited 1 branch of the dungeon, and saw 5 of its levels.

You collected 295 gold pieces.

Inventory:

Hand Weapons
 a - a +2 dagger (weapon)
 b - a +1 blowgun
Missiles
 e - 24 poisoned needles
 f - 2 curare-tipped needles
 p - 7 tomahawks (quivered)
Armour
 d - a +0 cloak (worn)
 m - a +0 ring mail (worn)
 s - a +0 buckler
Jewellery
 D - a ring of protection from fire (left hand)
 E - a +4 ring of intelligence (right hand)
Scrolls
 c - 2 scrolls of identify
 j - a scroll of blinking
 k - a scroll of fog
 n - a scroll of amnesia
Potions
 h - a potion of curing
 l - 2 potions of haste
 o - a potion of lignification
 r - a potion of heal wounds
 x - 2 potions of brilliance
 B - 3 potions of might
Books
 q - a book of Minor Magic

   Spells                             Type                      Level
   a - Magic Dart                     Conjuration                  1
   b - Blink                          Translocation                2
   c - Call Imp                       Summoning                    2
   d - Slow                           Hexes                        2
   e - Conjure Flame                  Conjuration/Fire             3
   f - Mephitic Cloud                 Conjuration/Poison/Air       3
Comestibles
 g - a meat ration
 i - 2 royal jellies


   Skills:
 + Level 4.4 Fighting
 * Level 7.3 Short Blades
 + Level 4.6 Throwing
 + Level 4.7 Dodging
 + Level 7.5 Stealth


You had 3 spell levels left.
You knew the following spells:

 Your Spells              Type           Power        Failure   Level  Hunger
a - Blink                 Tloc           N/A          71%         2    ###....
b - Slow                  Hex            #.......     71%         2    ###....


Dungeon Overview and Level Annotations

Branches:
Dungeon (5/15)
 Temple: D:4-7

Altars:
Okawaru


Innate Abilities, Weirdness & Mutations

You are small and have problems with some larger weapons.
You are carnivorous and can eat meat at any time.


Message History

Press: ? - help, Shift-Dir - straight line, f/p - ogre
Aim: an ogre, wielding a giant club (heavily wounded, poisoned)
You shoot a poisoned needle. The poisoned needle hits the ogre!
The ogre looks even sicker.
The ogre is heavily wounded.
a - a +2 dagger (weapon)
The ogre closely misses you.
You hit the ogre.
The ogre is severely wounded.
You hit the ogre.
The ogre is severely wounded.
The ogre hits you with a giant club!!
* * * LOW HITPOINT WARNING * * *
Huge Dmg: -42%(-20hp) hp: 17%(8hp)
You hit the ogre.
The ogre is severely wounded.
You hit the ogre.
The ogre is severely wounded.
The ogre hits you with a giant club!
You die...

####### #.....##################
#.....#@...#............
#.....#O...#[...........
#.....#....#........(...
#.....#....#.....##.....
########.....#....###'####.....
###............#....##....##.....
..#............#(....#....#......
..#............#...)<#....#......
..#............#.....#....##.....


You could see an ogre.

Vanquished Creatures
  Grinder (D:4)
  An ice beast (D:4)
  4 ogres
  An orc priest (D:4)
  A hound (D:4)
  An orc wizard (D:4)
  An iguana (D:4)
  3 worker ants
  9 adders
  A howler monkey skeleton (D:4)
  2 oozes (D:2)
  A worm (D:2)
  A dart slug (D:1)
  3 leopard geckos
  7 orcs
  8 bats
  4 giant cockroaches
  9 goblins
  9 hobgoblins
  4 jackals (D:2)
  4 kobolds
  A quokka (D:5)
  2 ball pythons (D:3)
  4 frilled lizards
  A leopard gecko skeleton (D:5)
  2 quokka skeletons (D:4)
  10 rats
95 creatures vanquished.

Notes
Turn   | Place    | Note
-------+----------+-------------------------------------------
     0 | D:1      | Monsterracer the Kobold Assassin began the quest for the Orb.
     0 | D:1      | Reached XP level 1. HP: 12/12 MP: 1/1
   164 | D:1      | Reached XP level 2. HP: 18/18 MP: 2/2
   391 | D:1      | Reached XP level 3. HP: 21/22 MP: 3/3
  1044 | D:2      | HP: 11/22 [poisoned by an adder]
  1052 | D:2      | HP: 9/22 [poisoned by an adder]
  1358 | D:2      | Reached XP level 4. HP: 23/27 MP: 4/4
  2328 | D:3      | Reached XP level 5. HP: 32/32 MP: 5/5
  2389 | D:3      | Noticed an ogre
  2409 | D:3      | HP: 15/32 [ogre/giant club (11)]
  2410 | D:3      | Killed an ogre
  2410 | D:3      | Reached XP level 6. HP: 18/37 MP: 6/6
  3046 | D:3      | Reached skill level 5 in Short Blades
  3199 | D:4      | Learned a level 2 spell: Blink
  3205 | D:4      | Noticed Grinder
  3229 | D:3      | Learned a level 2 spell: Slow
  3242 | D:4      | HP: 10/37 [Grinder (11)]
  3261 | D:4      | Paralysed by Grinder for 4 turns
  3280 | D:4      | HP: 17/37 [Grinder/nerve-wracking pain (14)]
  3286 | D:4      | Paralysed by Grinder for 5 turns
  3296 | D:4      | HP: 3/37 [Grinder/nerve-wracking pain (14)]
  3297 | D:4      | Paralysed by Grinder for 7 turns
  3306 | D:4      | HP: 10/37 [Grinder (1)]
  3307 | D:4      | HP: 3/55 [Grinder (4)]
  3308 | D:4      | Killed Grinder
  3308 | D:4      | Reached XP level 7. HP: 4/41 MP: 4/7
  3375 | D:4      | HP: 9/41 [ogre/giant spiked club (4)]
  3723 | D:4      | HP: 19/42 [orc wizard/magic dart (8)]
  3739 | D:4      | HP: 8/42 [orc priest/divine providence (13)]
  4269 | D:4      | Found an iron altar of Okawaru.
  4552 | D:4      | HP: 17/42 [iguana (6)]
  4571 | D:4      | HP: 16/42 [iguana (3)]
  4578 | D:4      | Reached XP level 8. HP: 19/48 MP: 8/8
  5195 | D:5      | Entered Level 5 of the Dungeon
  5423 | D:4      | HP: 27/72 [ice beast (14)]
  5495 | D:4      | HP: 8/48 [ogre/giant club (20)]
  5497 | D:4      | Slain by an ogre

Skill      XL: |  1  2  3  4  5  6  7  8 |
---------------+-------------------------+-----
Short Blades   | 3 4 6 7 |  7.3
Dodging        | 2 3 4 |  4.7
Throwing       | 3 4 |  4.6
Fighting       | 3 4 |  4.4
Stealth        | 6 7 |  7.5

Action                   |  1- 3 |  4- 6 |  7- 9 || total
-------------------------+-------+-------+-------++-------
Melee: Dagger            |   104 |   197 |   203 ||   504
 Fire: Blowgun           |     6 |     7 |    14 ||    27
Throw: Tomahawk          |       |       |     1 ||     1
 Cast: Slow              |       |     5 |       ||     5
       Blink             |       |     1 |       ||     1
  Use: Scroll            |       |    13 |     3 ||    16
       Potion            |       |     6 |     1 ||     7
 Stab: Sleeping          |     6 |    10 |     3 ||    19
  Eat: Chunk             |    10 |     7 |     6 ||    23
Armor: Robe              |    22 |    15 |     1 ||    38
       Skin              |       |     8 |    14 ||    22
       Ring mail         |       |       |    28 ||    28
Dodge: Dodged            |    65 |   108 |    89 ||   262
